 Dungeon Crawl Stone Soup version 0.31-a0-1237-gabc64e778c (webtiles) character file.

Game seed: 5202152677545145560

18949 backslashecho the Thaumaturge (level 12, -1/77 HPs)
             Began as an Octopode Ice Elementalist on Dec 15, 2023.
             Was an Elder of Vehumet.
             Shot with an arrow by a centaur (14 damage)
             ... on level 11 of the Dungeon on Dec 16, 2023.
             The game lasted 00:58:43 (15610 turns).

backslashecho the Thaumaturge (OpIE)               Turns: 15610, Time: 00:58:44

Health: -1/77      AC:  5    Str: 14    XL:     12   Next: 63%
Magic:  25/45      EV: 14    Int: 21    God:    Vehumet [****..]
Gold:   389        SH:  0    Dex: 13    Spells: 5/33 levels left

rFire   . . .        Q - +2 quarterstaff (speed)
rCold   + . .        (shield currently unavailable)
rNeg    + . .        (helmet restricted)
rPois   .            D - amulet of magic regeneration
rElec   .            d - +6 ring of strength
rCorr   .            j - ring of flight
SInv    .            v - +4 ring of protection
Will    .....        k - ring of magical power
Stlth   +++          K - ring of protection from cold
HPRegen 0.32/turn    B - ring of magical power
MPRegen 0.69/turn    M - ring of positive energy
                     (no ring)

%: no passive effects
@: flying
A: almost no armour, amphibious, 8 rings, camouflage 1, gelatinous body 1,
(nimble swimmer 1), tentacles
a: Renounce Religion


You were on level 11 of the Dungeon.
You worshipped Vehumet.
Vehumet was greatly pleased with you.
You visited 2 branches of the dungeon, and saw 12 of its levels.
You also visited: Bailey.

You collected 869 gold pieces.
You spent 480 gold pieces at shops.

Inventory:

Hand Weapons
 a - a +2 vampiric rapier
 F - the +1 morningstar of the Supporting Hawk {flame, rPois rF- Int+2 SInv}
   (You found it in a bailey)

   Int+2:     It affects your intelligence (+2).
   rF-:       It makes you vulnerable to fire.
   rPois:     It protects you from poison SInv: It lets you see invisible.
 Q - a +2 quarterstaff of speed (weapon)
Missiles
 i - 22 poisoned darts (quivered)
 y - a curare-tipped dart
 S - 2 throwing nets
Armour
 t - a +1 tower shield
Magical Staves
 b - a staff of death
Jewellery
 d - a +6 ring of strength (left tentacle)
 j - a ring of flight (right tentacle)
 k - a ring of magical power (on tentacle)
 v - a +4 ring of protection (on tentacle)
 B - a ring of magical power (on tentacle)
 D - an amulet of magic regeneration (around mantle)
 K - a ring of protection from cold (on tentacle)
 M - a ring of positive energy (on tentacle)
Wands
 s - a wand of digging (1)
 z - a wand of polymorph (11)
 C - a wand of paralysis (10)
 P - a wand of mindburst (6)
Scrolls
 e - 2 scrolls of blinking
 h - 4 scrolls of immolation {unknown}
 l - 3 scrolls of revelation {unknown}
 m - 2 scrolls of vulnerability {unknown}
 n - 2 scrolls of fear
 o - 5 scrolls of fog
 q - a scroll of brand weapon {unknown}
 u - a scroll of amnesia
 E - a scroll of poison {unknown}
 G - a scroll of silence {unknown}
 I - a scroll of butterflies {unknown}
 J - a scroll of enchant weapon {unknown}
 T - a scroll of teleportation
Potions
 c - 2 potions of might
 f - 5 potions of brilliance
 g - a potion of resistance
 p - 2 potions of attraction
 r - a potion of cancellation {unknown}
 w - 2 potions of magic
 x - a potion of ambrosia {unknown}
 A - 3 potions of mutation
 H - 3 potions of berserk rage
 L - 2 potions of heal wounds
 N - a potion of curing
 O - 2 potions of enlightenment
 R - 2 potions of haste


   Skills:
 - Level 5.0 Fighting
 - Level 5.0 Dodging
 - Level 4.0 Stealth
 - Level 11.0 Spellcasting
 + Level 7.1 Conjurations
 - Level 4.0 Summonings
 * Level 10.3 Fire Magic
 - Level 9.0 Ice Magic


You had 5 spell levels left.
You knew the following spells:

 Your Spells              Type           Power      Damage    Failure   Level
a - Freeze                Ice            100%       1d10      1%          1
b - Ozocubu's Armour      Ice            49%        N/A       1%          3
c - Frozen Ramparts       Ice            98%        1d15      1%          3
d - Foxfire               Conj/Fire      100%       2x1d9     1%          1
e - Summon Ice Beast      Ice/Summ       38%        N/A       4%          4
f - Flame Wave            Conj/Fire      48%        2d12      1%          4
h - Plasma Beam           Fire/Air       16%        2x1d28    26%         6
r - Starburst             Conj/Fire      24%        6d8       7%          6

Your spell library contained the following spells:

 Spells                   Type           Power      Damage    Failure   Level
 Mephitic Cloud           Conj/Pois/Air  21%        N/A       1%          3
 Anguish                  Hex/Necr       5%         N/A       50%         4
 Cause Fear               Hex            5%         N/A       50%         4
 Enfeeble                 Hex            5%         N/A       100%        7


Dungeon Overview and Level Annotations

Branches:
Dungeon (11/15)            Temple (1/1) D:5            Lair (0/5) D:11
    Orc (0/2) D:10         Bailey (visited)

Altars:
Ashenzari
Cheibriados
Dithmenos
Elyvilon
Fedhas
Gozag
Hepliaklqana
Kikubaaqudgha
Makhleb
Nemelex Xobeh
Okawaru
Qazlal
Ru
Sif Muna
Trog
Uskayaw
Vehumet
Wu Jian
Xom
Yredelemnul
Zin
The Shining One

Shops:
D:3 (=?   D:4 *[(*[   D:6 *   D:7 =   D:8 =   D:10 !

Annotations:
D:2 Terence
D:7 1 runed translucent door, 1 exclusion, Crazy Yiuf, Jeremiah
D:10 exclusion: hornet


Innate Abilities, Weirdness & Mutations

You cannot wear most types of armour.
You are amphibious.
You can wear up to eight rings at the same time.
Your skin changes colour to match your surroundings (Stealth+).
Your rubbery body absorbs attacks. (AC +1, EV +1)
((You are camouflaged when in or above water. (Stealth+)))
You have tentacles for arms and can constrict up to eight enemies at once.


Message History

What are your orders? t - Shout!
Orders for allies: a - Attack new target. r - Retreat! s - Stop attacking. g - Guard the area. f - Follow me.
Anything else - Cancel.
Gang up on whom?
Press: ? - help, Dir - move target, f - centaur
Aim: a centaur, wielding a +0 shortbow Attack!
The centaur shoots an arrow.
The arrow closely misses you.
An arrow appears from out of your range of vision.
The arrow hits your ice beast!
A centaur comes into view.
The boulder beetle curls into a ball and begins rolling!
The centaur shoots an arrow.
The arrow hits you!
You take 7 damage, and have 29/77 hp.
Casting: Flame Wave (safe; 1% risk of failure)
Confirm with . or Enter, or press ? or * to list all spells.
Casting: Frozen Ramparts (safe; 1% risk of failure)
Press: ? - help, Dir - look around, f - activate
Okay, then.
An arrow appears from out of your range of vision.
The arrow misses your ice beast.
The centaur shoots an arrow.
The arrow hits you!
* * * LOW HITPOINT WARNING * * *
An arrow appears from out of your range of vision.
The arrow hits your ice beast.
Your ice beast hits the centaur.
Your ice beast freezes the centaur!
You take 12 damage, and have 17/77 hp.
The centaur shoots an arrow.
The arrow misses you.
An arrow appears from out of your range of vision.
The arrow hits your ice beast!
Your ice beast dies!
Your ice beast disappears in a puff of smoke!
As you read the scroll of fear, it crumbles to dust.
You assume a fearsome visage.
The centaur looks frightened!
The boulder beetle looks frightened!
The centaur wields a +1 shortbow of flaming.
It bursts into flame!
The centaur shoots an arrow.
The arrow hits you but does no damage.
Casting: Frozen Ramparts (safe; 1% risk of failure)
Confirm with . or Enter, or press ? or * to list all spells.
A chill wind blows around you.
The centaur shoots an arrow.
The arrow hits you.
* * * LOW HITPOINT WARNING * * *
The arrow burns you.
* * * LOW HITPOINT WARNING * * *
You hear a shout!
You take 5 damage, and have 13/77 hp.
You now have 24/45 mp.
The centaur shoots an arrow.
The arrow hits you!
You die...

## .## ..##
...#####
....#..#########
...............##
......#...#####.##
.......#### #..##
........# ##@.##
.........# #...#
..........# ##.Y#
..........# #..#
..........# ##.#
........>. ##c#
......... #..#
#..†# #$..c.


You could see a centaur (ally target) and a friendly ice beast (summoned).

Vanquished Creatures
  2 vault guards (Bailey)
  Harold (D:10)
  3 two-headed ogres
  Erica (D:9)
  Amaemon (D:8)
  A skeletal warrior (D:9)
  An arcanist (D:9)
  An ugly thing (D:9)
  A cyclops (D:8)
  A centaur zombie (D:10)
  Joseph (D:10)
  An orange demon (D:8)
  2 kobold demonologists (D:5)
  2 trolls
  2 hornets (D:9)
  Prince Ribbit (Bailey)
  A shadow (D:9)
  A wraith (D:9)
  A vampire (D:9)
  2 wyverns
  Eustachio (D:4)
  8 yaks
  3 humans (Bailey)
  2 steam dragons (D:8)
  Menkaure (D:4)
  2 wargs (D:10)
  2 acid dragons (D:9)
  A water moccasin (D:9)
  7 orc warriors
  A sky beast (D:7)
  An ogre (D:5)
  3 black bears
  3 centaurs
  A phantom (D:4)
  Blork the orc (D:4)
  A kobold brigand (D:5)
  14 bullfrogs
  A scorpion (D:5)
  A necrophage (D:10)
  6 wights
  A killer bee (D:9)
  A howler monkey (D:11)
  4 hounds
  A human zombie (D:10)
  2 jellies
  2 orc priests
  A gnoll bouda (D:7)
  2 iguanas
  A sleepcap (D:5)
  4 orc wizards
  A howler monkey zombie (D:10)
  10 gnolls
  8 adders
  2 shadow imps
  3 white imps
  4 worms
  2 dart slugs
  42 orcs
  8 ball pythons
  8 endoplasms
  2 giant cockroaches
  12 goblins
  4 hobgoblins
  2 jackals (D:1)
  8 kobolds
  2 quokkas
  4 bats
  6 frilled lizards
  4 rats
238 creatures vanquished.

Vanquished Creatures (collateral kills)
  3 centaur zombies (D:10)
  A troll (D:10)
  A hornet (D:9)
  2 wraiths
  4 yaks
  A basilisk (D:9)
  A steam dragon (D:9)
  2 centaurs (D:9)
  A bullfrog (D:9)
  A necrophage (D:10)
  2 wights
  2 killer bees (D:9)
  2 howler monkeys
  3 foxfires (Bailey)
26 creatures vanquished.

Vanquished Creatures (others)
  736 foxfires
736 creatures vanquished.

Grand Total: 1000 creatures vanquished

Notes
Turn   | Place    | Note
-------+----------+-------------------------------------------
     0 | D:1      | backslashecho the Octopode Ice Elementalist began the quest
                  | for the Orb.
     0 | D:1      | Reached XP level 1. HP: 11/11 MP: 3/3
   232 | D:1      | Reached XP level 2. HP: 17/17 MP: 3/5
   391 | D:1      | Found a faded altar of an unknown god.
   590 | D:1      | Reached XP level 3. HP: 16/21 MP: 3/6
  1380 | D:2      | Learned a level 3 spell: Ozocubu's Armour
  1384 | D:2      | Learned a level 3 spell: Frozen Ramparts
  1439 | D:2      | Reached XP level 4. HP: 23/27 MP: 3/7
  1760 | D:2      | Noticed Terence
  2148 | D:3      | Found a glowing silver altar of Zin.
  2301 | D:3      | Reached skill level 1 in Fighting
  2421 | D:3      | Found Pitzizot's Antique Weapon Shoppe.
  2465 | D:3      | Found Muabia's Magic Scroll Emporium.
  2473 | D:3      | Found Cohodedo's Jewellery Shop.
  2475 | D:3      | Bought a scroll of identify for 24 gold pieces
  2475 | D:3      | Bought a scroll of teleportation for 36 gold pieces
  2554 | D:3      | Reached skill level 5 in Ice Magic
  2706 | D:3      | Found an opulent altar of Gozag.
  2767 | D:3      | Found a snail-covered altar of Cheibriados.
  2783 | D:3      | Reached XP level 5. HP: 33/33 MP: 4/9
  3014 | D:4      | Noticed a phantom
  3071 | D:4      | Found Neriy's Antique Armour Emporium.
  3375 | D:4      | Noticed Blork the orc
  3414 | D:4      | Found Xit Qoul's Assorted Antiques.
  3466 | D:4      | Found Neaguk's Antique Weapon Boutique.
  3511 | D:4      | Noticed Eustachio
  3561 | D:4      | Found Fulekuv's Assorted Antiques.
  3578 | D:4      | Found Bilis's Armour Shop.
  3671 | D:4      | Noticed Menkaure
  3702 | D:4      | HP: 1/33 [Menkaure (10)]
  3704 | D:4      | Killed Menkaure
  3705 | D:4      | Reached skill level 3 in Spellcasting
  3705 | D:4      | Reached XP level 6. HP: 32/39 MP: 10/10
  4773 | D:4      | Killed Blork the orc
  4798 | D:5      | Entered Level 5 of the Dungeon
  4910 | D:4      | Killed Eustachio
  4911 | D:4      | Reached XP level 7. HP: 44/46 MP: 3/12
  5180 | D:5      | Found a shimmering altar of Xom.
  5235 | D:5      | Found a staircase to the Ecumenical Temple.
  5240 | Temple   | Entered the Ecumenical Temple
  5244 | Temple   | Became a worshipper of Vehumet
  5277 | D:5      | Reached skill level 4 in Spellcasting
  5712 | D:5      | Reached XP level 8. HP: 49/54 MP: 10/14
  6007 | D:5      | Noticed a kobold demonologist
  6018 | D:5      | Killed a kobold demonologist
  6055 | D:5      | Noticed a kobold demonologist
  6067 | D:5      | Killed a kobold demonologist
  6068 | D:5      | Reached skill level 5 in Spellcasting
  6192 | D:5      | Reached * piety under Vehumet
  6192 | D:5      | Offered knowledge of Kiss of Death by Vehumet.
  6583 | D:5      | Learned a level 1 spell: Foxfire
  6588 | D:5      | Learned a level 4 spell: Summon Ice Beast
  6973 | D:6      | Found Foatyfey's Lightly-Used Armoury.
  7047 | D:6      | Reached skill level 1 in Summonings
  7099 | D:6      | Reached skill level 5 in Fighting
  7099 | D:6      | Reached XP level 9. HP: 61/61 MP: 12/17
  7915 | D:7      | Found Susote Boate's Jewellery Emporium.
  8114 | D:7      | Found a runed translucent door.
  8114 | D:7      | Noticed Jeremiah
  8115 | D:7      | Noticed Crazy Yiuf
  8242 | D:7      | Found a hide-covered altar of Uskayaw.
  8323 | D:7      | Found a flagged portal.
  8365 | D:7      | Reached skill level 6 in Spellcasting
  8374 | Bailey   | Entered a bailey
  8445 | Bailey   | Offered knowledge of Momentum Strike by Vehumet.
  8446 | Bailey   | Reached skill level 7 in Spellcasting
  8534 | Bailey   | Reached ** piety under Vehumet
  8535 | Bailey   | Reached skill level 1 in Fire Magic
  8536 | Bailey   | Reached skill level 1 in Conjurations
  8584 | Bailey   | Reached XP level 10. HP: 60/66 MP: 21/21
  8778 | Bailey   | Noticed Prince Ribbit
  8778 | Bailey   | Noticed a vault guard
  8906 | Bailey   | Killed Prince Ribbit
  8927 | Bailey   | Killed a vault guard
  9121 | Bailey   | Noticed a vault guard
  9138 | Bailey   | Killed a vault guard
  9139 | Bailey   | Reached skill level 5 in Fire Magic
  9165 | Bailey   | Identified the +1 morningstar of the Supporting Hawk
                  | {flame, rPois rF- Int+2 SInv}
  9635 | D:8      | Noticed Amaemon
  9635 | D:8      | Noticed an orange demon
  9852 | D:8      | Killed an orange demon
  9853 | D:8      | Reached skill level 8 in Spellcasting
 10135 | D:8      | HP: 1/66 [Amaemon/-1 demon whip of venom (7)]
 10138 | D:8      | Killed Amaemon
 10367 | D:8      | Reached skill level 9 in Spellcasting
 10393 | D:8      | Noticed a cyclops
 10415 | D:8      | Killed a cyclops
 10538 | D:8      | Offered knowledge of Volatile Blastmotes by Vehumet.
 10601 | D:8      | Found an ancient bone altar of Kikubaaqudgha.
 10754 | D:8      | Found a shadowy altar of Dithmenos.
 10768 | D:8      | Found Taurerch's Jewellery Boutique.
 10807 | D:8      | Found a shimmering blue altar of Sif Muna.
 11099 | D:9      | Noticed a white ugly thing
 11108 | D:8      | Reached XP level 11. HP: 68/71 MP: 24/24
 11140 | D:9      | Noticed Erica
 11152 | D:9      | Killed Erica
 11153 | D:9      | Reached skill level 10 in Spellcasting
 11359 | D:9      | Reached *** piety under Vehumet
 11529 | D:9      | Reached skill level 11 in Spellcasting
 11819 | D:9      | Noticed a skeletal warrior
 11874 | D:9      | Killed a skeletal warrior
 12038 | D:9      | Reached skill level 5 in Conjurations
 12074 | D:9      | Offered knowledge of Flame Wave by Vehumet.
 12080 | D:9      | Learned a level 4 spell: Flame Wave
 12115 | D:9      | Killed a white ugly thing
 12524 | D:9      | Found a blossoming altar of Fedhas.
 12729 | D:9      | Noticed a two-headed ogre
 12739 | D:9      | Killed a two-headed ogre
 12803 | D:9      | Noticed an arcanist
 12810 | D:9      | Learned a level 6 spell: Starburst
 12812 | D:9      | Killed an arcanist
 12813 | D:9      | Reached XP level 12. HP: 77/77 MP: 27/27
 12820 | D:9      | Learned a level 6 spell: Plasma Beam
 12979 | D:10     | Entered Level 10 of the Dungeon
 13364 | D:10     | Noticed Joseph
 13387 | D:10     | Killed Joseph
 13800 | D:10     | Noticed Harold
 14061 | D:10     | Reached skill level 5 in Dodging
 14267 | D:10     | Found a basalt altar of Yredelemnul.
 14634 | D:10     | Noticed a centaur warrior
 14634 | D:10     | Noticed an eight-headed hydra
 14634 | D:10     | Noticed a centaur warrior
 14634 | D:10     | Noticed a rakshasa
 14643 | D:10     | Noticed a centaur warrior
 14647 | D:10     | Noticed a two-headed ogre
 14648 | D:10     | Noticed a centaur warrior
 14662 | D:10     | Killed a two-headed ogre
 14680 | D:10     | Found Etiajeu's Distillery.
 14689 | D:10     | Bought a potion of heal wounds for 75 gold pieces
 14689 | D:10     | Bought a potion of curing for 45 gold pieces
 14689 | D:10     | Bought 2 potions of haste for 300 gold pieces
 14805 | D:10     | Reached **** piety under Vehumet
 14867 | D:10     | Found a staircase to the Orcish Mines.
 15241 | D:10     | Killed Harold
 15439 | D:11     | Noticed a two-headed ogre
 15447 | D:11     | Killed a two-headed ogre
 15448 | D:11     | Reached skill level 10 in Fire Magic
 15584 | D:11     | Found a staircase to the Lair.
 15586 | D:11     | Noticed a boulder beetle
 15591 | D:11     | Offered knowledge of Mephitic Cloud by Vehumet.
 15610 | D:11     | Shot with an arrow by a centaur

Illustrated notes

Levels and vault maps discovered:
D:1:      amcnicky_arrival_gap_in_the_tavern_cellar, layout_basic,
          chequers_ecumenical_altar_simple, minmay_small_reverse_x
D:2:      layout_basic, uniq_terence
D:3:      layout_basic, pdpol_temple_overflow_zin_treasury_gozag_greed,
          cheibrodos_worm_habitat, serial_shops, nicolae_shop_hallway_stairs,
          shop, shop
D:4:      layout_layer_cave, serial_shops, nicolae_shop_getting_attention,
          nicolae_shop_gibbet_a_chance, nicolae_stop_n_shop_2,
          nicolae_shop_scrapyard, nicolae_shop_crystal, uniq_menkaure,
          uniq_blork_the_orc, uniq_eustachio
D:5:      layout_basic, mainiacjoe_overflow_catwalk,
          minmay_temple_entry_drinking_statues
D:6:      layout_basic, minmay_shop_damaged
D:7:      layout_loops_ring, mainiacjoe_overflow_tiny_flanked, serial_shops,
          nicolae_shop_back_alley_shop, enter_bailey_5,
          hangedman_abyss_or_decor_lesser_grid, kennysheep_cross_bottleneck,
          uniq_crazy_yiuf_cottage, uniq_jeremiah
D:8:      layout_loops_ring, nicolae_overflow_hidden_temple,
          amcnicky_altar_gilded, serial_shops, nicolae_shop_crystal,
          minmay_microvault, uniq_amaemon
D:9:      cheibrodos_ideogram_h, layout_stronghold, general_overflow_altar,
          uniq_erica
D:10:     layout_irregular_city, lemuel_mausoleum_altar_yredelemnul,
          david_orc_1_choice, serial_shops, shop, minivault_12, uniq_harold,
          uniq_joseph
D:11:     nicolae_cairo_tiling_large, layout_layer_cave, david_lair_generic,
          gammafunk_ghost_spectres, minmay_fractal_squares_diagonal_5
Temple:   hellmonk_temple_two_chambers

Skill      XL: |  1  2  3  4  5  6  7  8  9 10 11 12 |
---------------+-------------------------------------+-----
Stealth        | 3 4 |  4.0
Fighting       | 1 2 3 5 |  5.0
Ice Magic      | 5 6 7 8 9 |  9.0
Spellcasting   | 3 4 5 7 9 11 | 11.0
Summonings     | 1 4 |  4.0
Fire Magic     | 3 6 8 10 | 10.3
Conjurations   | 2 4 5 7 |  7.1
Dodging        | 4 5 |  5.0

Action                     |  1- 3 |  4- 6 |  7- 9 | 10-12 || total
---------------------------+-------+-------+-------+-------++-------
  Melee: Staff             |    26 |    71 |    59 |    41 ||   197
         Constrict         |     9 |    13 |    22 |     7 ||    51
         Tentacles         |     3 |    16 |    16 |    14 ||    49
         Punch             |       |       |     2 |       ||     2
  Throw: Dart              |       |       |     9 |     1 ||    10
   Cast: Freeze            |    38 |    31 |    30 |    24 ||   123
         Frozen Ramparts   |       |     7 |    31 |    33 ||    71
         Ozocubu's Armour  |       |     2 |     2 |     8 ||    12
         Foxfire           |       |       |    63 |   401 ||   464
         Summon Ice Beast  |       |       |       |    52 ||    52
         Starburst         |       |       |       |     3 ||     3
         Flame Wave        |       |       |       |     5 ||     5
  Evoke: Wand              |       |       |       |    14 ||    14
    Use: Scroll            |       |     2 |     3 |     9 ||    14
         Potion            |       |     2 |       |     7 ||     9
   Stab: Sleeping          |     7 |    14 |     1 |       ||    22
         Distracted        |       |       |       |     1 ||     1
 Armour: Skin              |    25 |    56 |    56 |   162 ||   299
  Dodge: Dodged            |    40 |    80 |    75 |   133 ||   328

Table legend: (Time is in decaauts)
 A = Elapsed time spent in this place.
 B = Non-inter-level travel time spent in this place.
 C = Inter-level travel time spent in this place.
 D = Time resting spent in this place.
 E = Time spent auto-exploring this place.
 F = Levels seen in this place.
 G = Mean time per level.
                   A        B        C        D        E       F      G
               +--------+--------+--------+--------+--------+-----+--------+
         Total |  15672 |  14629 |   1043 |   3052 |   8149 |  13 | 1205.5 |
       Dungeon |  14737 |  13694 |   1043 |   2429 |   8129 |  11 | 1339.7 |
        Temple |    122 |    122 |      0 |    111 |      0 |   1 |  122.0 |
        Bailey |    812 |    812 |      0 |    512 |     20 |   1 |  812.0 |
               +--------+--------+--------+--------+--------+-----+--------+

Top non-repeatable levels by time:
    D:10: 2295 daAuts
     D:4: 1928 daAuts
     D:9: 1846 daAuts
     D:5: 1470 daAuts
     D:6: 1354 daAuts
     D:8: 1340 daAuts
     D:7: 1170 daAuts
     D:2: 1089 daAuts
     D:1: 1056 daAuts
     D:3: 1013 daAuts
  Bailey: 812 daAuts
    D:11: 172 daAuts
  Temple: 122 daAuts
